 Dungeon Crawl Stone Soup version 0.30-a0-465-g8901f6c8b5 (webtiles) character file.

Game seed: 9208472282964767572

611 cforsyth the Cudgeller (level 7, -9/65 HPs)
             Began as an Armataur Gladiator on Dec 18, 2022.
             Mangled by a two-headed ogre
             ... wielding a +0 dire flail
              (24 damage)
             ... on level 5 of the Dungeon.
             The game lasted 00:06:11 (4463 turns).

cforsyth the Cudgeller (Armataur Gladiator)         Turns: 4463, Time: 00:06:11

Health: -9/65      AC: 11    Str: 17    XL:     7   Next: 20%
Magic:  7/7        EV:  8    Int: 10    God:
Gold:   225        SH:  0    Dex: 12    Spells: 6/6 levels left

rFire   + + .      SeeInvis .    q - +0 demon whip
rCold   . . .      Faith    .    (no shield)
rNeg    . . .      Spirit   .    w - +2 scale mail {rF+}
rPois   .          Reflect  .    c - +0 helmet
rElec   .          Harm     .    (no cloak)
rCorr   .          Roll     +    f - +1 pair of gloves
Will    .....                    (no barding)
Stlth   ..........               (no amulet)
HPRegen 0.30/turn                (no ring)
MPRegen 0.10/turn                (no ring)

@: no status effects
A: large, rugged brown scales 3, deformed body, armoured tail, roll, long
tongue, awkward tongue, fire resistance 1, screaming 1, weak 1
a: no special abilities


You were on level 5 of the Dungeon.
You visited 1 branch of the dungeon, and saw 5 of its levels.

You collected 225 gold pieces.

Inventory:

Hand Weapons
 a - a +0 flail
 b - a +3 mace of holy wrath
 q - a +0 demon whip (weapon)
Missiles
 d - 3 throwing nets (quivered)
 e - a javelin
Armour
 c - a +0 helmet (worn)
 f - a +1 pair of gloves (worn)
 w - a +2 scale mail of fire resistance (worn)
Scrolls
 g - 2 scrolls of teleportation {unknown}
 i - 2 scrolls of enchant weapon {unknown}
 j - 2 scrolls of magic mapping {unknown}
 l - 2 scrolls of fear {unknown}
 n - a scroll of immolation {unknown}
 o - a scroll of poison {unknown}
 t - 2 scrolls of identify {unknown}
 u - a scroll of fog {unknown}
 v - a scroll of enchant armour {unknown}
 x - a scroll of silence {unknown}
 y - a scroll of torment {unknown}
Potions
 h - 2 potions of attraction
 k - a potion of degeneration {unknown}
 m - a potion of curing
 r - a potion of flight {unknown}
 s - a potion of haste {unknown}


   Skills:
 + Level 5.2 Fighting
 + Level 5.7 Maces & Flails
 - Level 1.7 Throwing
 - Level 2.1 Dodging


You had 6 spell levels left.
You didn't know any spells.
Your spell library contained the following spells:

 Spells                   Type           Power      Damage    Failure   Level
 Slow                     Hex            0%         N/A       80%         1
 Summon Small Mammal      Summ           0%         N/A       80%         1
 Call Canine Familiar     Summ           0%         N/A       99%         3
 Confusing Touch          Hex            0%         N/A       99%         3
 Ozocubu's Armour         Ice            0%         N/A       99%         3
 Portal Projectile        Hex/Tloc       0%         N/A       99%         3
 Summon Guardian Golem    Hex/Summ       0%         N/A       99%         3
 Vampiric Draining        Necr           0%         2d6       99%         3
 Leda's Liquefaction      Hex/Erth       0%         N/A       100%        4
 Ozocubu's Refrigeration  Ice            0%         4d7       100%        7


Dungeon Overview and Level Annotations

Branches:
Dungeon (5/15)
 Temple: D:4-7

Altars:
Cheibriados
Gozag
Kikubaaqudgha
Ru
Sif Muna
Wu Jian
The Shining One

Shops:
D:4 (   D:5 *


Innate Abilities, Weirdness & Mutations

You are completely covered in rugged brown scales. (AC +3, +7% HP)
Armour fits poorly on your strangely shaped body.
You have a long armoured tail.
You roll when moving toward enemies. (Rampage)
Your long tongue fully drains potion bottles. (2x potion effects)
Your tongue gives you trouble enunciating. (1.5x scroll delay)
Your flesh is heat resistant. (rF+)
You occasionally shout uncontrollably at your foes.
You are weak. (Str -2)


Message History

A two-headed ogre comes into view.
It is wielding a +0 dire flail and a +0 giant club.
The two-headed ogre shouts in stereo!
A two-headed ogre is nearby!
A two-headed ogre is nearby!
The two-headed ogre hits you with a +0 dire flail.
The two-headed ogre hits you with a +0 giant club!
You are too injured to fight recklessly!
You are too injured to fight recklessly!
You are too injured to fight recklessly!
You are too injured to fight recklessly!
You are too injured to fight recklessly!
You are too injured to fight recklessly!
You are too injured to fight recklessly!
You hit the two-headed ogre.
Your tail-slap misses the two-headed ogre.
The two-headed ogre is lightly wounded.
You hit the two-headed ogre but do no damage.
The two-headed ogre is lightly wounded.
The two-headed ogre hits you with a +0 dire flail!
The two-headed ogre misses you.
You hit the two-headed ogre.
The two-headed ogre is lightly wounded.
You whack the two-headed ogre! You tail-slap the two-headed ogre.
The two-headed ogre is moderately wounded.
The two-headed ogre barely misses you.
The two-headed ogre hits you with a +0 giant club!
You barely miss the two-headed ogre.
The two-headed ogre is moderately wounded.
The two-headed ogre hits you with a +0 dire flail!
* * * LOW HITPOINT WARNING * * *
The two-headed ogre hits you with a +0 giant club.
* * * LOW HITPOINT WARNING * * *
You hit the two-headed ogre. You tail-slap the two-headed ogre.
The two-headed ogre is heavily wounded.
Unknown command.
You slurp down every last drop of the dark potion!
It was a potion of mutation.
You feel extremely strange.
You feel the urge to shout.
You feel weaker.
You feel resistant to heat.
The two-headed ogre hits you with a +0 dire flail!!
You die...

#.........######
#..............#
#......>...###.#
#..........# #.#
#..........# #.#
##..........# #.#
#...........# #.#
#...........#
#.####.###
..#'#......##
#.@O.....#
..#_#.'#####
##########
..#+#..#
.......##########
................#
#####.#########.#
####.## ###
#.....# ###
#.....# ###_###


You could see a two-headed ogre.

Vanquished Creatures
  An ice beast (D:3)
  A phantom (D:5)
  2 vampire bats (D:4)
  A hound (D:4)
  3 iguanas
  Terence (D:3)
  Robin (D:3)
  6 gnolls
  4 adders
  An ufetubus (D:4)
  A worm (D:3)
  3 dart slugs
  3 orcs (D:3)
  4 bats
  3 bat skeletons (D:4)
  3 bat zombies (D:4)
  14 endoplasms
  5 giant cockroaches
  16 goblins
  8 hobgoblins
  4 jackals (D:2)
  9 quokkas
  9 ball pythons
  3 frilled lizards
  3 kobolds
  8 rats
117 creatures vanquished.

Vanquished Creatures (others)
  35 plants (D:2)
35 creatures vanquished.

Grand Total: 152 creatures vanquished

Notes
Turn   | Place    | Note
-------+----------+-------------------------------------------
     0 | D:1      | cforsyth the Armataur Gladiator began the quest for the
                  | Orb.
     0 | D:1      | Reached XP level 1. HP: 18/18 MP: 1/1
    54 | D:1      | Reached XP level 2. HP: 25/25 MP: 2/2
   310 | D:1      | Reached XP level 3. HP: 32/32 MP: 3/3
   834 | D:2      | Reached XP level 4. HP: 39/40 MP: 4/4
  1658 | D:3      | Noticed Robin
  1678 | D:3      | Killed Robin
  1804 | D:3      | Found a faded altar of an unknown god.
  1904 | D:3      | Found an ornate altar of the Wu Jian Council.
  1969 | D:3      | Reached XP level 5. HP: 48/48 MP: 5/5
  1975 | D:3      | Noticed Terence
  1992 | D:3      | Killed Terence
  2138 | D:3      | Noticed an ice beast
  2144 | D:3      | Killed an ice beast
  2612 | D:3      | Reached XP level 6. HP: 42/55 MP: 6/6
  2903 | D:4      | Found Ruhiteec's Antique Weapon Shop.
  2990 | D:4      | Identified the +1 ring mail of Birdsong {rPois}
  3076 | D:4      | Found an ancient bone altar of Kikubaaqudgha.
  3082 | D:4      | Reached skill level 5 in Maces & Flails
  3285 | D:4      | Found a shimmering blue altar of Sif Muna.
  3439 | D:4      | Found a sacrificial altar of Ru.
  3817 | D:4      | Reached skill level 5 in Fighting
  4031 | D:5      | Entered Level 5 of the Dungeon
  4048 | D:5      | Reached XP level 7. HP: 60/65 MP: 7/7
  4194 | D:5      | Found Gozag's Platinum Reserve.
  4194 | D:5      | Found an opulent altar of Gozag.
  4228 | D:5      | Found a snail-covered altar of Cheibriados.
  4394 | D:5      | Found a glowing golden altar of the Shining One.
  4455 | D:5      | Noticed a two-headed ogre
  4463 | D:5      | Gained mutation: You occasionally shout uncontrollably at
                  | your foes. [potion of mutation]
  4463 | D:5      | Gained mutation: You are weak. (Str -2) [potion of
                  | mutation]
  4463 | D:5      | Gained mutation: Your flesh is heat resistant. (rF+)
                  | [potion of mutation]
  4463 | D:5      | Mangled by a two-headed ogre

Illustrated notes

Levels and vault maps discovered:
D:1:      heliophobic_arrival_battle_scene, layout_basic
D:2:      wad_woods_tower, layout_loops_ring, minmay_stone_trees_small,
          serial_bayou_ford_a
D:3:      layout_basic, pdpol_wu_jian_five_deadly_venoms,
          basic_ecumenical_altar, uniq_robin, uniq_terence
D:4:      layout_loops_corners, kennysheep_vampire_church,
          mainiacjoe_overflow_alcove_2, led_sif_pool, serial_shops,
          nicolae_shop_trees
D:5:      layout_basic, nicolae_gozag_zags_fifth_avenue, kennysheep_mini_moat,
          tso_altar, mainiacjoe_overflow_small_starburst,
          corexii_leaking_fountain, minmay_splitting_lines,
          uniq_crazy_yiuf_cottage

Skill      XL: |  1  2  3  4  5  6 |
---------------+-------------------+-----
Fighting       | 2 3 4 5 |  5.2
Maces & Flails | 3 4 5 |  5.7
Throwing       | |  1.7
Dodging        | |  2.1

Action                   |  1- 3 |  4- 6 |  7- 9 || total
-------------------------+-------+-------+-------++-------
Melee: Flail             |   128 |   146 |       ||   274
       Tailslap          |    17 |    24 |     4 ||    45
       Punch             |     1 |       |       ||     1
       Demon whip        |       |    53 |    20 ||    73
       Mace              |       |    27 |       ||    27
  Use: Potion            |       |     2 |     1 ||     3
 Stab: Sleeping          |       |     1 |       ||     1
Armor: Leather armour    |    71 |    41 |       ||   112
       Chain mail        |       |    31 |       ||    31
       Scale mail        |       |    41 |     8 ||    49
Dodge: Dodged            |    67 |    88 |     4 ||   159

Table legend: (Time is in decaauts)
 A = Elapsed time spent in this place.
 B = Non-inter-level travel time spent in this place.
 C = Inter-level travel time spent in this place.
 D = Time resting spent in this place.
 E = Time spent auto-exploring this place.
 F = Levels seen in this place.
 G = Mean time per level.
                   A        B        C        D        E       F      G
               +--------+--------+--------+--------+--------+-----+--------+
         Total |   4511 |   4333 |    178 |      0 |   3484 |   5 |  902.2 |
       Dungeon |   4511 |   4333 |    178 |      0 |   3484 |   5 |  902.2 |
               +--------+--------+--------+--------+--------+-----+--------+

Top non-repeatable levels by time:
     D:3: 1256 daAuts
     D:4: 1127 daAuts
     D:2: 1054 daAuts
     D:1: 645 daAuts
     D:5: 427 daAuts
